 Dungeon Crawl Stone Soup version 0.28.0 (webtiles) character file.

Game seed: 3049763983729202347

242 growler the Gusty (level 6, -2/32 HPs)
             Began as a Tengu Air Elementalist on Feb 7, 2022.
             Slain by Blork the orc (18 damage)
             ... on level 4 of the Dungeon.
             The game lasted 00:10:07 (3979 turns).

growler the Gusty (Tengu Air Elementalist)          Turns: 3979, Time: 00:10:08

Health: -2/32      AC:  2    Str:  9    XL:     6   Next: 9%
Magic:  1/12       EV: 14    Int: 17    God:
Gold:   147        SH:  0    Dex: 14    Spells: 2/12 levels left

rFire   . . .      SeeInvis .   g - +3 dagger (venom)
rCold   . . .      Faith    .   (no shield)
rNeg    . . .      Spirit   .   a - +0 robe
rPois   .          Reflect  .   (helmet restricted)
rElec   .          Harm     .   (no cloak)
rCorr   .          Rampage  .   (no gloves)
Will    .....                   (boots unavailable)
Stlth   ++........              (no amulet)
HPRegen 0.10/turn               (no ring)
MPRegen 0.13/turn               (no ring)

@: flying quickly and evasively, quick
A: beak, talons 3, nimble flight
a: no special abilities


You were on level 4 of the Dungeon.
You visited 1 branch of the dungeon, and saw 4 of its levels.

You collected 147 gold pieces.

Inventory:

Hand Weapons
 g - a +3 dagger of venom (weapon)
   (You took it off a kobold on level 1 of the Dungeon)
Armour
 a - a +0 robe (worn)
Jewellery
 m - a ring of ice
   (You found it on level 2 of the Dungeon)
Scrolls
 c - a scroll of brand weapon {unknown}
 d - a scroll of noise {unknown}
 f - a scroll of fog {unknown}
 i - 2 scrolls of teleportation {unknown}
 j - a scroll of amnesia {unknown}
 n - a scroll of fear {unknown}
 q - a scroll of silence {unknown}
 s - a scroll of enchant armour {unknown}
Potions
 e - 2 potions of lignification {unknown}
 h - a potion of berserk rage
 k - a potion of curing {unknown}
 l - a potion of magic
 o - a potion of might {unknown}
 p - a potion of cancellation
 r - 2 potions of heal wounds {unknown}


   Skills:
 - Level 2.1 Dodging
 - Level 2.0 Stealth
 + Level 3.6 Spellcasting
 + Level 4.4 Conjurations
 + Level 6.0 Air Magic


You had 2 spell levels left.
You knew the following spells:

 Your Spells              Type           Power      Damage    Failure   Level
a - Shock                 Conj/Air       80%        1d8       1%          1
b - Airstrike             Air            11%        N/A       14%         4
d - Static Discharge      Conj/Air       20%        N/A       3%          2
s - Swiftness             Air            23%        N/A       4%          3

Your spell library contained the following spells:

 Spells                   Type           Power      Damage    Failure   Level
 Foxfire                  Conj/Fire      40%        2x1d6     7%          1
 Conjure Flame            Conj/Fire      10%        6-21      21%         3
 Inner Flame              Hex/Fire       3%         N/A       45%         3
 Ozocubu's Armour         Ice            3%         N/A       45%         3
 Flame Wave               Conj/Fire      10%        2d5       54%         4
 Ozocubu's Refrigeration  Ice            1%         4d5       100%        7


Dungeon Overview and Level Annotations

Branches:
Dungeon (4/15)
 Temple: D:4-7

Altars:

Shops:
D:1 :

Annotations:
D:4 Blork the orc


Innate Abilities, Weirdness & Mutations

You have a beak for a mouth.
You have claws for feet.
Your magical nature lets you fly swiftly and evasively.


Message History

You kill the jackal!
An orc comes into view. It is wielding a +0 hand axe.
The orc shouts! x2
You hit the jackal.
You kill the jackal!
The jackal closely misses you.
Blork the orc comes into view.
He is wielding a +2 long sword of electrocution.
You closely miss the jackal.
Blork the orc shouts!
Your peck misses the jackal. The jackal barely misses you.
The jackal closely misses you.
You closely miss the jackal. Your peck misses the jackal.
The jackal closely misses you.
You completely miss the jackal. Your kick misses the jackal.
The jackal misses you.
You hit the jackal.
The jackal is poisoned.
The jackal bites you. x2
The jackal is struck by an arc of lightning!
You kill the jackal!
The orc is struck by an arc of lightning.
The lightning grounds out.
The orc is struck by an arc of lightning!
You kill the orc!
Blork the orc is struck by an arc of lightning.
The lightning grounds out.
The orc shouts!
A jelly comes into view.
Unknown command.
The orc is struck by an arc of lightning!
You kill the orc!
The lightning grounds out.
The jelly quivers.
An orc comes into view. It is wielding a +0 mace.
Blork the orc is struck by an arc of lightning.
The lightning grounds out.
The orc shouts!
Blork the orc hits you with a +2 long sword of electrocution.
Blork the orc is struck by an arc of lightning!
The orc is struck by an arc of lightning.
The lightning grounds out.
Blork the orc is struck by an arc of lightning!
You are struck by an arc of lightning.
The lightning grounds out.
The orc throws a boomerang.
The boomerang hits you but does no damage.
Blork the orc barely misses you.
Blork the orc sings a few bars from the Orcish anthem.
Blork the orc hits you with a +2 long sword of electrocution.
* * * LOW HITPOINT WARNING * * *
You are electrocuted!!
Ouch! That really hurt!
You die...

.###..............#.## .##
.#...............####
..... ..................#
..oo
...........#...##.###..#
......##..###..#......#
.....####.......####..# .
.....# ##...[.######..#..>
..#...#..........o#o......
.###............@.ooJ.....
.# ............###.###....
..# ............# ..# #..(
... #..#....... .<.# ...
... ####........ ..... .
.^...............
(.................
...........#......


You could see Blork the orc, a jelly and 3 orcs.

Vanquished Creatures
  A water moccasin skeleton (D:4)
  Jessica (D:3)
  An orc wizard (D:3)
  A hound zombie (D:4)
  3 adders
  A worm (D:2)
  A dart slug (D:1)
  8 orcs
  6 ball pythons
  4 endoplasms
  3 giant cockroaches
  3 goblins
  6 hobgoblins
  8 jackals
  5 quokkas
  7 bats
  8 frilled lizards
  16 kobolds
  6 rats
89 creatures vanquished.

Vanquished Creatures (others)
  19 plants (D:2)
19 creatures vanquished.

Grand Total: 108 creatures vanquished

Notes
Turn   | Place    | Note
-------+----------+-------------------------------------------
     0 | D:1      | growler the Tengu Air Elementalist began the quest for the
                  | Orb.
     0 | D:1      | Reached XP level 1. HP: 10/10 MP: 4/4
   205 | D:1      | Reached XP level 2. HP: 15/15 MP: 3/6
   675 | D:1      | Reached XP level 3. HP: 19/19 MP: 4/7
   678 | D:1      | Learned a level 2 spell: Static Discharge
   682 | D:1      | Learned a level 3 spell: Swiftness
  1097 | D:1      | Found a faded altar of an unknown god.
  1262 | D:1      | Found Fylisil's Book Shop.
  1794 | D:2      | Reached XP level 4. HP: 24/24 MP: 6/9
  1997 | D:2      | Reached skill level 5 in Air Magic
  2595 | D:3      | Noticed Jessica
  2597 | D:3      | Killed Jessica
  2850 | D:3      | Gained mutation: Your magical nature lets you fly swiftly
                  | and evasively. [Tengu growth]
  2850 | D:3      | Reached XP level 5. HP: 28/28 MP: 10/10
  2855 | D:3      | Learned a level 4 spell: Airstrike
  3772 | D:4      | Reached skill level 6 in Air Magic
  3772 | D:4      | Reached XP level 6. HP: 14/32 MP: 3/12
  3968 | D:4      | Noticed Blork the orc
  3979 | D:4      | Slain by Blork the orc

Illustrated notes

Levels and vault maps discovered:
D:1:      mainiacjoe_arrival_reflecting_pool, layout_loops_ring,
          hellmonk_ecumenical_altar_inner_sanctum, serial_shops, shop,
          minmay_tree_intersection, minmay_tetromino_i2
D:2:      wander_river, layout_basic, serial_bayou_lake_a
D:3:      layout_basic, chequers_serial_rivers_small_3,
          kennysheep_pointless_box, uniq_jessica
D:4:      layout_cave_pools, grunt_tough_drop, uniq_blork_the_orc, uniq_edmund

Skill      XL: |  1  2  3  4  5 |
---------------+----------------+-----
Conjurations   | 2 3 4 |  4.4
Air Magic      | 5 6 |  6.0
Spellcasting   | 3 |  3.6
Dodging        | |  2.1
Stealth        | |  2.0

Action                   |  1- 3 |  4- 6 || total
-------------------------+-------+-------++-------
Melee: Dagger            |    15 |    34 ||    49
       Kick              |     4 |     5 ||     9
       Unarmed           |     4 |       ||     4
       Peck              |     1 |     3 ||     4
       Punch             |       |     2 ||     2
 Cast: Shock             |    66 |    46 ||   112
       Static Discharge  |     5 |    22 ||    27
  Use: Scroll            |       |     3 ||     3
 Stab: Sleeping          |       |     2 ||     2
Armor: Robe              |     4 |     6 ||    10
Dodge: Dodged            |    13 |    33 ||    46
